 Dungeon Crawl Stone Soup version 0.22-a0-757-gdba82d8 (webtiles) character file.

214 Amnesiac the Digger (level 5, 17/35 HPs)
             Began as a Demonspawn Earth Elementalist on July 16, 2018.
             Quit the game on level 4 of the Dungeon.
             The game lasted 00:04:09 (1561 turns).

Amnesiac the Digger (Demonspawn Earth Elementalist) Turns: 1561, Time: 00:04:10

Health: 17/35      AC:  2    Str:  8    XL:     5   Next: 59%
Magic:  0/9        EV: 12    Int: 18    God:
Gold:   16         SH:  0    Dex: 13    Spells: 3/10 levels left

rFire    + . .     SeeInvis .   a - +2 short sword (speed)
rCold    . . .     Gourm    .   (no shield)
rNeg     . . .     Faith    .   c - +0 robe
rPois    .         Spirit   .   (no helmet)
rElec    .         Reflect  .   (no cloak)
rCorr    .         Harm     .   (no gloves)
MR       .....                  (no boots)
Stlth    ++........             (no amulet)
HPRegen  0.11/turn              j - ring of flight
MPRegen  0.11/turn              (no ring)

@: no status effects
A: talons 1, fire resistance 1
a: Evoke Flight


You were on level 4 of the Dungeon.
You were not hungry.

You visited 1 branch of the dungeon, and saw 4 of its levels.

You collected 16 gold pieces.

Inventory:

Hand Weapons
 a - a +2 short sword of speed (weapon)
 b - a +0 dagger
Missiles
 e - 52 stones (quivered)
Armour
 c - a +0 robe (worn)
Jewellery
 j - a ring of flight (left hand)
Scrolls
 k - a scroll of identify {!r, unknown}
 l - a scroll of immolation {!r, unknown}
 m - a scroll of fog {!r, unknown}
 o - a scroll of teleportation {!r, unknown}
Potions
 f - 3 potions of might {!q, unknown}
 g - a potion of curing {!q, unknown}
 h - a potion of flight {!q, unknown}
 i - 2 potions of heal wounds {!q, unknown}
Comestibles
 d - 4 rations
 n - 8 chunks of flesh


   Skills:
 - Level 2.1 Short Blades
 - Level 1.7 Dodging
 - Level 2.0 Stealth
 + Level 3.1 Spellcasting
 - Level 1.1 Transmutations
 * Level 4.4 Earth Magic


You had 3 spell levels left.
You knew the following spells:

 Your Spells              Type           Power        Failure   Level  Hunger
a - Sandblast             Erth           ###...       2%          1    None
b - Passwall              Tmut/Erth      ##......     8%          2    ##.....
e - Petrify               Tmut/Erth      ##......     45%         4    ####...

Your spell library contained the following spells:

 Spells                   Type           Power        Failure   Level  Hunger
 Stone Arrow              Conj/Erth      ##....       19%         3    ###....
 Lee's Rapid Deconstruct  Erth           ###.......   58%         5    ######.


Dungeon Overview and Level Annotations

Branches:
Dungeon (4/15)
 Temple: D:4-7

Altars:

Annotations:
D:3 1 runed door, HydraWiggins's ghost, amateur TrWz


Innate Abilities, Weirdness & Mutations

You have sharp toenails.
Your flesh is heat resistant. (rF+)


Message History

The blast of sand hits the phantom.
The phantom is moderately damaged.
e - 58 stones
Casting: Sandblast (safe; 3% risk of failure)
Confirm with . or Enter, or press ? or * to list all spells.
Aiming: Sandblast (safe; 3% risk of failure)
Press: ? - help, Shift-Dir - straight line, f/p - phantom
Aim: a phantom (moderately damaged)
The blast of sand hits the phantom.
The phantom is moderately damaged.
e - 57 stones The phantom misses you.
Casting: Sandblast (safe; 3% risk of failure)
Confirm with . or Enter, or press ? or * to list all spells.
Aiming: Sandblast (safe; 3% risk of failure)
Press: ? - help, Shift-Dir - straight line, f/p - phantom
Aim: a phantom (moderately damaged)
The blast of sand hits the phantom.
The phantom is heavily damaged.
e - 56 stones The phantom barely misses you.
Casting: Sandblast (safe; 3% risk of failure)
Confirm with . or Enter, or press ? or * to list all spells.
Aiming: Sandblast (safe; 3% risk of failure)
Press: ? - help, Shift-Dir - straight line, f/p - phantom
Aim: a phantom (heavily damaged)
The blast of sand misses the phantom.
e - 55 stones The phantom hits you!
Casting: Sandblast (safe; 3% risk of failure)
Confirm with . or Enter, or press ? or * to list all spells.
Aiming: Sandblast (safe; 3% risk of failure)
Press: ? - help, Shift-Dir - straight line, f/p - phantom
Aim: a phantom (heavily damaged)
The blast of sand hits the phantom.
The phantom is severely damaged.
e - 54 stones The phantom hits you!
* * * LOW HITPOINT WARNING * * *
The phantom blinks!
Casting: Sandblast (safe; 3% risk of failure)
Confirm with . or Enter, or press ? or * to list all spells.
Aiming: Sandblast (safe; 3% risk of failure)
Press: ? - help, Shift-Dir - straight line, f/p - phantom
Aim: a phantom (severely damaged)
The blast of sand hits the phantom.
The phantom is almost destroyed.
e - 53 stones The phantom blinks!
Casting: Sandblast (safe; 3% risk of failure)
Confirm with . or Enter, or press ? or * to list all spells.
Aiming: Sandblast (safe; 3% risk of failure)
Press: ? - help, Shift-Dir - straight line, f/p - phantom
Aim: a phantom (translocational energy, almost destroyed)
The blast of sand hits the phantom.
You destroy the phantom!
Training target 2.0 for Short Blades reached!
Your Short Blades skill increases to level 2!
Your Spellcasting skill increases to level 3!
You have reached level 5!
Your demonic ancestry asserts itself...
Your toenails lengthen and sharpen.
e - 52 stones Are you sure you want to abandon this character and quit the game? (Confirm with "yes".)

#### ...#
#. .#.# #.
.#.# #.
.#.###.###
#.
.#........
#.
.......###
#.
.#.#####
#.#####
.#.#
#.@...#
...#
#####.#
##.# #(#
...####
#.#
.........
#.#
##.######
#.# >....
#.# ##.###
#.# ##.#
### #.#


There were no monsters in sight!

Vanquished Creatures
  A phantom (D:4)
  A howler monkey (D:4)
  An orc wizard (D:3)
  An adder (D:4)
  An ooze (D:3)
  A worm (D:4)
  A dart slug (D:3)
  4 orcs (D:3)
  A giant cockroach (D:4)
  6 goblins
  2 hobgoblins
  6 jackals
  A ball python (D:4)
  A bat (D:3)
  2 frilled lizards (D:3)
  5 kobolds
  3 rats
38 creatures vanquished.

Notes
Turn   | Place    | Note
-------+----------+-------------------------------------------
     0 | D:1      | Amnesiac the Demonspawn Earth Elementalist began the quest for the Orb.
     0 | D:1      | Reached XP level 1. HP: 13/13 MP: 3/3
   209 | D:1      | Reached skill level 3 in Earth Magic
   210 | D:1      | Gained mutation: Your flesh is heat resistant. (rF+) [demonic ancestry]
   210 | D:1      | Reached XP level 2. HP: 18/19 MP: 5/5
   338 | D:3      | Learned a level 2 spell: Passwall
   353 | D:3      | Found a runed door.
   353 | D:3      | Noticed HydraWiggins's ghost (amateur TrWz)
   606 | D:3      | Reached XP level 3. HP: 13/24 MP: 6/6
   865 | D:3      | Reached skill level 1 in Short Blades
   865 | D:3      | Reached skill level 1 in Transmutations
   937 | D:3      | Reached XP level 4. HP: 10/30 MP: 0/7
  1099 | D:3      | Learned a level 4 spell: Petrify
  1468 | D:4      | Reached skill level 4 in Earth Magic
  1551 | D:4      | Noticed a phantom
  1560 | D:4      | Killed a phantom
  1560 | D:4      | Gained mutation: You have sharp toenails. [demonic ancestry]
  1560 | D:4      | Reached XP level 5. HP: 16/35 MP: 0/9
  1561 | D:4      | Quit the game

Vault maps used:
D:1:      matt_arrival_spirals, hex_medium, grunt_decor_fettered
D:2:      yredelemnul_forgotten_temple_becter, zin_purify
D:3:      gammafunk_ghost_grave, st_stairs_14

Skill      XL: |  1  2  3  4 |
---------------+-------------+-----
Stealth        | 2 |  2.0
Earth Magic    | 3 4 |  4.4
Short Blades   | 1 2 |  2.1
Transmutations | 1 |  1.1
Spellcasting   | 3 |  3.1
Dodging        | |  1.7

Action                   |  1- 3 |  4- 6 || total
-------------------------+-------+-------++-------
Melee: Dagger            |    54 |       ||    54
       Unarmed           |     2 |       ||     2
       Short sword       |       |    26 ||    26
 Cast: Sandblast         |    29 |    17 ||    46
       Passwall          |     3 |       ||     3
 Stab: Sleeping          |     3 |     1 ||     4
  Eat: Chunk             |     1 |     2 ||     3
Armor: Robe              |     6 |     4 ||    10
Dodge: Dodged            |    31 |    16 ||    47

Table legend:
 A = Spawn XP
 B = Non-spawn XP
 C = Spawn XP percentage of total XP
 D = Spawn monster count
 E = Non-spawn monster count
 F = Spawn count percentage of total count
 G = Total turns spent on level
                    A         B        C        D         E        F      G
               +---------+---------+-------+---------+---------+-------+---------
         Total |       0 |     306 |   0.0 |       0 |      38 |   0.0 |  1561
               +---------+---------+-------+---------+---------+-------+---------
           D:1 |       0 |      19 |   0.0 |       0 |      11 |   0.0 |   313
           D:2 |       0 |       2 |   0.0 |       0 |       1 |   0.0 |    18
           D:3 |       0 |      77 |   0.0 |       0 |      17 |   0.0 |   909
           D:4 |       0 |     208 |   0.0 |       0 |       9 |   0.0 |   321
               +---------+---------+-------+---------+---------+-------+---------
